 Dungeon Crawl Stone Soup version 0.30-a0-618-gd6c86c23d0 (webtiles) character file.

Game seed: 12906372336449407220

189 Powssss the Trooper (level 5, -2/47 HPs)
             Began as a Minotaur Fighter on Jan 10, 2023.
             Killed from afar by an electric eel (5 damage)
             ... with a bolt of electricity
             ... on level 3 of the Dungeon.
             The game lasted 00:23:07 (3539 turns).

Powssss the Trooper (Minotaur Fighter)              Turns: 3539, Time: 00:23:07

Health: -2/47      AC: 16    Str: 21    XL:     5   Next: 40%
Magic:  4/4        EV:  7    Int:  5    God:
Gold:   133        SH:  5    Dex: 17    Spells: 4/4 levels left

rFire   . . .      SeeInvis .    a - +0 long sword
rCold   . . .      Faith    .    c - +0 buckler
rNeg    . . .      Spirit   .    i - +3 chain mail {rPois}
rPois   +          Reflect  .    (helmet restricted)
rElec   .          Harm     .    (no cloak)
rCorr   .          Rampage  .    (no gloves)
Will    .....                    (no boots) Stlth
                                 (no amulet)
HPRegen 0.27/turn                b - +4 ring of protection
MPRegen 0.09/turn                s - +6 ring of dexterity

@: no status effects
A: horns 2, retaliatory headbutt
a: no special abilities


You were on level 3 of the Dungeon.
You visited 1 branch of the dungeon, and saw 3 of its levels.

You collected 133 gold pieces.

Inventory:

Hand Weapons
 a - a +0 long sword (weapon)
Missiles
 g - 2 throwing nets (quivered)
 l - 18 stones
 y - 5 large rocks
Armour
 c - a +0 buckler (worn)
 i - a +3 chain mail of poison resistance (worn)
Jewellery
 b - a +4 ring of protection (left hand)
 s - a +6 ring of dexterity (right hand)
 x - a ring of protection from fire
Wands
 q - a wand of flame (33)
Scrolls
 e - 7 scrolls of identify
 f - a scroll of magic mapping
 o - 3 scrolls of enchant armour
 p - 2 scrolls of teleportation
 r - a scroll of immolation
 v - a scroll of torment {unknown}
 w - a scroll of blinking {unknown}
Potions
 d - a potion of might
 h - a potion of invisibility {unknown}
 j - 2 potions of haste {unknown}
 k - 2 potions of curing {unknown}
 m - a potion of brilliance {unknown}
 n - 2 potions of heal wounds {unknown}
 t - a potion of resistance {unknown}
 u - 2 potions of degeneration {unknown}


   Skills:
 + Level 4.7 Fighting
 + Level 3.9 Long Blades
 + Level 1.2 Throwing
 + Level 4.7 Armour
 + Level 4.7 Shields


You had 4 spell levels left.
You didn't know any spells.
Your spell library contained the following spells:

 Spells                   Type           Power      Damage    Failure   Level
 Call Canine Familiar     Summ           0%         N/A       100%        3
 Portal Projectile        Hex/Tloc       0%         N/A       100%        3
 Leda's Liquefaction      Hex/Erth       0%         N/A       100%        4


Dungeon Overview and Level Annotations

Branches:
Dungeon (3/15)

Altars:

Annotations:
D:3 1 transporter


Innate Abilities, Weirdness & Mutations

You have a pair of horns on your head.
You reflexively headbutt those who attack you in melee.


Message History

The electric eel completely resists.
The bolt of electricity hits the electric eel.
The electric eel completely resists.
The electric eel shoots out a bolt of lightning at you!
The bolt of electricity hits you!
The bolt of electricity hits the electric eel.
The electric eel completely resists.
The bolt of electricity hits the electric eel.
The electric eel completely resists.
The bolt of electricity hits you.
You slash the electric eel!
The electric eel is severely wounded.
You barely miss the electric eel.
The electric eel is severely wounded.
The electric eel shoots out a bolt of lightning at you!
The bolt of electricity hits you.
The bolt of electricity hits the electric eel.
The electric eel completely resists.
The bolt of electricity hits the electric eel.
The electric eel completely resists.
The bolt of electricity hits you.
The electric eel shoots out a bolt of lightning at you!
The bolt of electricity hits you.
The bolt of electricity hits the electric eel.
The electric eel completely resists.
The bolt of electricity hits the electric eel.
The electric eel completely resists.
The electric eel shoots out a bolt of lightning at you!
The bolt of electricity hits you!
* * * LOW HITPOINT WARNING * * *
The bolt of electricity hits the electric eel.
The electric eel completely resists.
The bolt of electricity hits the electric eel.
The electric eel completely resists.
The electric eel shoots out a bolt of lightning at you!
The bolt of electricity hits you!
* * * LOW HITPOINT WARNING * * *
The bolt of electricity misses you.
The bolt of electricity hits the plant.
The plant begins to die.
The electric eel shoots out a bolt of lightning at you!
The bolt of electricity hits you.
You die...

...##'#....#.###.# #.#...##.#....
#####†#.#........###.#.#..#.#....
..# #.#.#............#.##...#....
..###.#.#...##########.....>#....
..'.....................†........
..###.#.#.#..###############.#.##
..# #.#......#8P#S~~~~~~#P8#.#.#
..# #.###....#..#.......#..#...#
..# #.......©#©.@...♣...+?©#©..#
..# #######..#..#.......#..#..##
### ##.#8P#S~~~~~~#P8#.##
#.###############.#
#.................#
###################


You could see 2 electric eels.

Vanquished Creatures
  A necrophage (D:3)
  Robin (D:2)
  2 adders
  3 worms (D:3)
  2 dart slugs
  6 orcs (D:3)
  2 ball pythons
  2 bats
  2 endoplasms
  A giant cockroach (D:1)
  14 goblins
  12 hobgoblins
  5 jackals
  5 kobolds
  6 quokkas
  6 frilled lizards
  5 rats
75 creatures vanquished.

Notes
Turn   | Place    | Note
-------+----------+-------------------------------------------
     0 | D:1      | Powssss the Minotaur Fighter began the quest for the Orb.
     0 | D:1      | Reached XP level 1. HP: 19/19 MP: 0/0
   315 | D:1      | Found a faded altar of an unknown god.
   335 | D:1      | Reached XP level 2. HP: 27/27 MP: 1/1
   924 | D:1      | Reached XP level 3. HP: 32/33 MP: 2/2
  1243 | D:2      | Identified the +2 quarterstaff of Boiseobo {venom, rN+
                  | Stlth+}
  1270 | D:2      | Noticed Robin
  1291 | D:2      | Killed Robin
  1477 | D:2      | Reached XP level 4. HP: 39/40 MP: 3/3
  2626 | D:3      | Noticed a necrophage
  2643 | D:3      | Killed a necrophage
  2644 | D:3      | Reached skill level 1 in Throwing
  2644 | D:3      | Reached XP level 5. HP: 47/47 MP: 4/4
  3134 | D:3      | Found a transporter.
  3395 | D:3      | Found a transporter.
  3539 | D:3      | Killed from afar by an electric eel

Illustrated notes

Levels and vault maps discovered:
D:1:      lightli_arrival_statue_moat, layout_basic,
          hellmonk_ecumenical_altar_dog_temple, grunt_decor_mini_mirrors
D:2:      layout_loops_ring, uniq_robin
D:3:      gammafunk_steamed_eel, layout_basic

Skill      XL: |  1  2  3  4 |
---------------+-------------+-----
Fighting       | 4 |  4.7
Shields        | 4 |  4.7
Armour         | 4 |  4.7
Long Blades    | 3 |  3.9
Throwing       | 1 |  1.2

Action                   |  1- 3 |  4- 6 || total
-------------------------+-------+-------++-------
Melee: Long sword        |   110 |    72 ||   182
       Headbutt          |     8 |    13 ||    21
  Use: Scroll            |       |     5 ||     5
Armor: Scale mail        |    26 |       ||    26
       Chain mail        |    34 |    34 ||    68
Dodge: Dodged            |    41 |    18 ||    59
Block: Buckler           |    21 |    12 ||    33

Table legend: (Time is in decaauts)
 A = Elapsed time spent in this place.
 B = Non-inter-level travel time spent in this place.
 C = Inter-level travel time spent in this place.
 D = Time resting spent in this place.
 E = Time spent auto-exploring this place.
 F = Levels seen in this place.
 G = Mean time per level.
                   A        B        C        D        E       F      G
               +--------+--------+--------+--------+--------+-----+--------+
         Total |   3591 |   3590 |      1 |    655 |   1455 |   3 | 1197.0 |
       Dungeon |   3591 |   3590 |      1 |    655 |   1455 |   3 | 1197.0 |
               +--------+--------+--------+--------+--------+-----+--------+

Top non-repeatable levels by time:
     D:3: 1369 daAuts
     D:1: 1194 daAuts
     D:2: 1027 daAuts
